 Dungeon Crawl Stone Soup version 0.27-a0-887-gcab673c142 (webtiles) character file.

Game seed: 16047549979786098067

19994 rageheart7 the Brawler (level 12, -9/112 HPs)
             Began as a Ghoul Monk on Apr 4, 2021.
             Was a High Priest of Dithmenos.
             Shot with an arrow by a centaur warrior (16 damage)
             ... on level 13 of the Dungeon.
             The game lasted 00:17:41 (11339 turns).

rageheart7 the Brawler (Ghoul Monk)                Turns: 11339, Time: 00:17:42

Health: -9/112     AC: 20    Str: 33    XL:     12   Next: 74%
Magic:  16/17      EV: 12    Int:  5    God:    Dithmenos [*****.]
Gold:   733        SH:  0    Dex: 14    Spells: 11/11 levels left

rFire    + . .     SeeInvis .     - Unarmed
rCold    + . .     Faith    .   (no shield)
rNeg     + + +     Spirit   .   x - +4 ring mail {rF+}
rPois    ∞         Reflect  .   f - +1 helmet
rElec    .         Harm     .   C - +2 cloak
rCorr    .         Rampage  .   w - +2 pair of gloves "Sairixusch" {Fly Will+ Str+7 Dex-3}
Will     +....                  a - +2 pair of boots
Stlth    +++++.....             e - amulet of regeneration
HPRegen  0.00/turn              d - +6 ring of strength
MPRegen  0.15/turn              r - +6 ring of dexterity

@: flying, wreathed by umbra
A: claws 1, cold resistance 1, negative energy resistance 3, inhibited
regeneration, torment resistance 2, unbreathing 1
a: Renounce Religion, Shadow Step, Shadow Form


You were on level 13 of the Dungeon.
You worshipped Dithmenos.
Dithmenos was extremely pleased with you.
You visited 2 branches of the dungeon, and saw 14 of its levels.
You also visited: Sewer.

You collected 733 gold pieces.

Inventory:

Missiles
 g - a throwing net
 s - a curare-tipped dart (quivered)
Armour
 a - a +2 pair of boots (worn)
 f - a +1 helmet (worn)
 w - the +2 pair of gloves "Sairixusch" (worn) {Fly Will+ Str+7 Dex-3}
   (You acquired it on level 6 of the Dungeon)

   It affects your strength (+7).
   It affects your dexterity (-3).
   It grants you flight.
   It increases your willpower.
 x - a +4 ring mail of fire resistance (worn)
 C - a +2 cloak (worn)
 D - the +0 leather armour of Gosyf {rF+ rN+ Slay+2}
   (You found it on level 9 of the Dungeon)

   It affects your accuracy and damage with ranged weapons and melee attacks
   (+2).
   It protects you from fire.
   It protects you from negative energy.
Jewellery
 d - a +6 ring of strength (left hand)
 e - an amulet of regeneration (around neck)
 r - a +6 ring of dexterity (right hand)
Wands
 y - a wand of mindburst (14)
 B - a wand of acid (12)
Scrolls
 i - a scroll of summoning
 k - 11 scrolls of teleportation
 n - 2 scrolls of enchant weapon
 o - a scroll of fear
 u - a scroll of enchant armour
 z - a scroll of blinking
 E - a scroll of holy word
Potions
 b - 2 potions of invisibility
 c - 3 potions of attraction
 h - 2 potions of brilliance
 j - 3 potions of might {unknown}
 l - 3 potions of lignification
 m - 10 potions of curing {unknown}
 p - 3 potions of haste {unknown}
 q - 3 potions of magic {unknown}
 t - a potion of flight {unknown}
 v - a potion of ambrosia {unknown}
 A - 3 potions of resistance {unknown}
 F - a potion of cancellation {unknown}
 G - a potion of heal wounds
 I - a potion of berserk rage {unknown}


   Skills:
 - Level 12.0 Fighting
 - Level 2.6 Dodging
 + Level 9.1 Stealth
 * Level 15.4 Unarmed Combat
 + Level 8.0 Invocations


You had 11 spell levels left.
You didn't know any spells.
Your spell library contained the following spells:

 Spells                   Type           Power      Damage    Failure   Level
 Animate Skeleton         Necr           0%         N/A       58%         1
 Apportation              Tloc           0%         N/A       58%         1
 Corona                   Hex            0%         N/A       58%         1
 Foxfire                  Conj/Fire      0%         2x1d4     58%         1
 Freeze                   Ice            0%         1d3       58%         1
 Magic Dart               Conj           0%         1d3       58%         1
 Pain                     Necr           0%         1d4       58%         1
 Summon Small Mammal      Summ           0%         N/A       58%         1
 Blink                    Tloc           N/A        N/A       75%         2
 Call Imp                 Summ           0%         N/A       75%         2
 Ensorcelled Hibernation  Hex/Ice        0%         N/A       75%         2
 Searing Ray              Conj           0%         3d3       75%         2
 Slow                     Hex            0%         N/A       75%         2
 Confusing Touch          Hex            0%         N/A       92%         3
 Conjure Flame            Conj/Fire      0%         6-21      92%         3
 Dazzling Flash           Conj/Hex       0%         N/A       92%         3
 Frozen Ramparts          Ice            0%         1d2       92%         3
 Inner Flame              Hex/Fire       0%         N/A       92%         3
 Mephitic Cloud           Conj/Pois/Air  0%         N/A       92%         3
 Ozocubu's Armour         Ice            0%         N/A       92%         3
 Tukima's Dance           Hex            0%         N/A       92%         3
 Vampiric Draining        Necr           0%         2d6       92%         3
 Animate Dead             Necr           0%         N/A       100%        4
 Fulminant Prism          Conj/Hex       0%         3d6       100%        4
 Hailstorm                Conj/Ice       0%         3d3       100%        4
 Iskenderun's Mystic Bla  Conj/Tloc      0%         2d3       100%        4
 Sticky Flame             Conj/Fire      0%         2d3       100%        4
 Summon Ice Beast         Ice/Summ       0%         N/A       100%        4
 Agony                    Necr           0%         N/A       100%        5
 Fireball                 Conj/Fire      0%         3d3       100%        5


Dungeon Overview and Level Annotations

Branches:
Dungeon (13/15)            Temple (1/1) D:5            Lair (0/6) D:11
    Orc (0/2) D:12          Sewer (visited)
 Vaults: D:13-14

Altars:
Ashenzari
Cheibriados
Dithmenos
Elyvilon
Gozag
Hepliaklqana
Kikubaaqudgha
Makhleb
Nemelex Xobeh
Qazlal
Ru
Sif Muna
Trog
Uskayaw
Xom
The Shining One

Shops:
D:10 !

Annotations:
D:5 1 transporter, Shayle's ghost, amateur DsIE


Innate Abilities, Weirdness & Mutations

You thrive by killing the living.
You are immune to poison.
You have sharp fingernails.
Your flesh is cold resistant. (rC+)
You are immune to negative energy. (rN+++)
You do not regenerate when monsters are visible.
You are immune to unholy pain and torment.
You can survive without breathing.


Message History

The slime creature hits you!
The slime creature hits you but does no damage. x2
You barely miss the slime creature.
The slime creature is almost dead.
Your shadow hits the slime creature but does no damage.
The centaur warrior shoots an arrow.
The arrow barely misses you.
You punch the slime creature!
You kill the slime creature!
Dithmenos accepts your kill.
You feel better.
The slime creature hits you but does no damage.
The slime creature barely misses you.
Your Invocations skill increases to level 8!
You punch the slime creature!
The slime creature is lightly wounded.
The slime creature barely misses you. The slime creature hits you!
You pummel the slime creature!!
The slime creature is heavily wounded.
The centaur warrior shoots an arrow.
The arrow hits you.
You punch the slime creature!
The slime creature is severely wounded.
Your shadow hits the slime creature.
The slime creature hits you but does no damage.
The centaur warrior shoots an arrow.
The arrow hits you.
The slime creature hits you but does no damage.
You punch the slime creature!
The slime creature is almost dead.
Your shadow hits the slime creature!
You kill the slime creature!
Dithmenos accepts your kill.
The centaur warrior shoots an arrow.
The arrow hits you! The slime creature hits you! The slime creature hits you!
The centaur warrior shoots an arrow.
The arrow hits you!!
* * * LOW HITPOINT WARNING * * *
The slime creature hits you but does no damage.
The centaur warrior shoots an arrow.
The arrow hits you!
* * * LOW HITPOINT WARNING * * *
The centaur warrior shoots an arrow.
The arrow hits you!
You die...

###........###..
#.####$>..#... #
###..##>...
#.......... #
#.#........
#.##..........
#.......c.<..#
....#..J......#
###.#..@#..#..#
#.....##.#...
#.##..# .# ##
... #..$ .. ###
#### ##


You could see a slime creature and a centaur warrior.

Vanquished Creatures
  3 boulder beetles (D:11)
  2 hydras (D:12)
  A centaur warrior (D:11)
  3 two-headed ogres
  Urug (D:12)
  A cyclops (D:10)
  Joseph (D:9)
  7 centaur zombies
  2 gargoyles
  A komodo dragon (D:11)
  An unseen horror (D:10)
  5 trolls
  8 slime creatures
  A meliai zombie (D:10)
  A vampire (D:10)
  A shadow (D:11)
  3 wyverns
  4 yaks
  3 wraiths
  7 vampire mosquitoes (D:11)
  3 wargs (D:12)
  2 acid dragons
  2 water moccasins
  Duvessa (D:5)
  2 swamp drakes (D:11)
  2 orc warriors
  A sky beast (D:6)
  3 ogres
  A necrophage (D:12)
  3 centaurs
  A phantom (D:5)
  A kobold brigand (Sewer)
  2 bullfrogs
  2 gnoll sergeants (D:6)
  2 scorpions
  Dowan (D:5)
  3 killer bees (D:7)
  3 howler monkeys
  13 wights
  An electric eel (D:11)
  8 crimson imps (D:7)
  3 hounds
  3 jellies
  A gnoll shaman (D:7)
  4 orc priests
  2 bullfrog skeletons (D:6)
  3 iguanas
  Natasha (thrice) (D:2)
  6 orc wizards
  A killer bee zombie (D:9)
  A hound skeleton (D:4)
  4 mummies (D:12)
  A howler monkey skeleton (D:6)
  2 howler monkey zombies
  16 gnolls
  4 adders
  A shadow imp (D:7)
  A white imp (D:5)
  2 ufetubi
  2 worms
  A dart slug (D:5)
  25 orcs
  2 endoplasms
  6 giant cockroaches
  4 goblins
  6 hobgoblins
  5 jackals
  3 quokkas
  3 ball pythons
  4 bats
  5 frilled lizards
  20 kobolds
  3 rats
260 creatures vanquished.

Vanquished Creatures (others)
  15 plants (D:11)
15 creatures vanquished.

Grand Total: 275 creatures vanquished

Notes
Turn   | Place    | Note
-------+----------+-------------------------------------------
     0 | D:1      | rageheart7 the Ghoul Monk began the quest for the Orb.
     0 | D:1      | Reached XP level 1. HP: 19/19 MP: 0/0
   641 | D:2      | Reached XP level 2. HP: 26/26 MP: 1/1
   798 | D:2      | Noticed Natasha
   806 | D:2      | Killed Natasha
   807 | D:2      | Reached skill level 4 in Unarmed Combat
   807 | D:2      | Reached XP level 3. HP: 25/33 MP: 2/2
  1107 | D:2      | Noticed Natasha
  1113 | D:2      | Killed Natasha
  1114 | D:2      | Reached XP level 4. HP: 41/41 MP: 3/3
  1201 | D:2      | Found a faded altar of an unknown god.
  1395 | D:2      | Noticed Natasha
  1401 | D:2      | Killed Natasha
  1488 | D:3      | Reached XP level 5. HP: 36/47 MP: 4/4
  1495 | D:3      | Reached skill level 5 in Fighting
  1495 | D:3      | Reached skill level 5 in Unarmed Combat
  2007 | D:4      | Reached XP level 6. HP: 31/57 MP: 5/5
  2081 | D:4      | Found a sparkling altar of Nemelex Xobeh.
  2781 | D:4      | Found a sacrificial altar of Ru.
  2874 | D:5      | Entered Level 5 of the Dungeon
  2874 | D:5      | Found a staircase to the Ecumenical Temple.
  2888 | Temple   | Entered the Ecumenical Temple
  2896 | Temple   | Became a worshipper of Dithmenos the Shadowed
  2896 | Temple   | Reached * piety under Dithmenos
  2896 | Temple   | Reached ** piety under Dithmenos
  2916 | D:5      | Reached skill level 6 in Unarmed Combat
  2924 | D:5      | Noticed Dowan
  2927 | D:5      | Noticed Duvessa
  2940 | D:5      | Found a burning altar of Makhleb.
  2952 | D:5      | Found a glowing drain.
  2961 | Sewer    | Entered a sewer
  3274 | Sewer    | Reached XP level 7. HP: 35/64 MP: 6/6
  3483 | D:5      | Killed Duvessa
  3503 | D:5      | Killed Dowan
  3504 | D:5      | Reached skill level 7 in Unarmed Combat
  3644 | D:5      | Reached XP level 8. HP: 15/74 MP: 7/7
  3965 | D:5      | Found a transporter.
  3965 | D:5      | Noticed Shayle's ghost (amateur DsIE)
  4111 | D:6      | Reached skill level 8 in Unarmed Combat
  4511 | D:6      | Reached *** piety under Dithmenos
  4602 | D:6      | Reached skill level 9 in Unarmed Combat
  4798 | D:6      | Reached XP level 9. HP: 56/83 MP: 8/8
  5514 | D:6      | Identified a scroll of acquirement
  5514 | D:6      | Acquired the +2 pair of gloves "Sairixusch" {Fly Will+
                  | Str+7 Dex-3}
  5917 | D:7      | Reached skill level 10 in Fighting
  5917 | D:7      | Reached skill level 10 in Unarmed Combat
  6147 | D:7      | Found an ancient bone altar of Kikubaaqudgha.
  6407 | D:7      | Reached **** piety under Dithmenos
  6881 | D:8      | Reached skill level 11 in Unarmed Combat
  6881 | D:8      | Reached XP level 10. HP: 93/95 MP: 9/9
  7514 | D:9      | Found a shimmering blue altar of Sif Muna.
  7700 | D:9      | Identified the +0 leather armour of Gosyf {rF+ rN+ Slay+2}
  8020 | D:9      | Noticed Joseph
  8037 | D:9      | Killed Joseph
  8319 | D:10     | Entered Level 10 of the Dungeon
  8375 | D:10     | Reached skill level 1 in Invocations
  8404 | D:10     | Noticed a two-headed ogre
  8411 | D:10     | Killed a two-headed ogre
  8412 | D:10     | Reached skill level 12 in Unarmed Combat
  8447 | D:10     | Noticed a cyclops
  8453 | D:10     | Killed a cyclops
  8470 | D:10     | Found Gejottuw's Distillery.
  8940 | D:10     | Killed an unseen horror
  8943 | D:10     | Reached XP level 11. HP: 101/104 MP: 12/12
  9212 | D:11     | Noticed a boulder beetle
  9239 | D:11     | Killed a boulder beetle
  9240 | D:11     | Reached skill level 5 in Stealth
  9339 | D:11     | Noticed a two-headed ogre
  9373 | D:11     | Reached skill level 13 in Unarmed Combat
  9379 | D:11     | Killed a two-headed ogre
  9621 | D:11     | Reached ***** piety under Dithmenos
  9624 | D:11     | Reached skill level 5 in Invocations
  9790 | D:11     | Noticed a boulder beetle
  9859 | D:11     | Killed a boulder beetle
  9931 | D:11     | Noticed a boulder beetle
  9987 | D:11     | Noticed a centaur warrior
 10092 | D:11     | Found a staircase to the Lair.
 10159 | D:11     | Killed a centaur warrior
 10160 | D:11     | Reached skill level 14 in Unarmed Combat
 10168 | D:11     | Noticed a boulder beetle
 10177 | D:11     | Noticed a two-headed ogre
 10198 | D:11     | HP: 3/104 [boulder beetle (49)]
 10202 | D:11     | Killed a boulder beetle
 10347 | D:11     | Reached XP level 12. HP: 108/112 MP: 15/15
 10362 | D:11     | Killed a two-headed ogre
 10540 | D:12     | Noticed an eight-headed hydra
 10551 | D:12     | Killed an eight-headed hydra
 10670 | D:12     | Noticed a four-headed hydra
 10678 | D:12     | Killed a four-headed hydra
 10788 | D:12     | Reached skill level 15 in Unarmed Combat
 10814 | D:12     | Found a staircase to the Orcish Mines.
 10957 | D:12     | Noticed Urug
 10967 | D:12     | Killed Urug
 11157 | D:12     | Found a broken altar of Ashenzari.
 11317 | D:13     | Noticed a centaur warrior
 11339 | D:13     | Shot with an arrow by a centaur warrior

Illustrated notes

Levels and vault maps discovered:
D:1:      minmay_arrival_plants_in_alcoves, layout_loops_ring
D:2:      layout_basic, basic_ecumenical_altar, grunt_decor_resistance,
          minmay_quadrilaterals, uniq_natasha
D:3:      wander_river, layout_rooms, nicolae_tso_carved_into_rock,
          minmay_quantized
D:4:      layout_loops_ring, pf_just_have_faith, kennysheep_mini, serial_rivers,
          chequers_serial_rivers_small_a, chequers_serial_rivers_micro_a,
          chequers_serial_rivers_small_3, chequers_serial_rivers_micro_c
D:5:      layout_loops_ring, bloody_makhleb, minmay_temple_entry_butterflies,
          gammafunk_ghost_smash, cheibrodos_sewer_entry_drain, uniq_duvessa
D:6:      layout_layer_cave
D:7:      layout_basic, kennysheep_little_box, hangedman_decor_points,
          eino_curves_01, minmay_nine_imps
D:8:      layout_cave_pods
D:9:      layout_long_grid, led_sif_pool, serial_co_window_serial,
          co_window_corner_a, co_window_paths_b, co_window_paths_a,
          co_window_corner_a, co_window_paths_a, co_window_2corner,
          co_window_broadway_b, co_window_corner_b, co_window_4corner_a,
          uniq_joseph
D:10:     layout_loops_ring, serial_shops, shop, minmay_misc_feat_tiny,
          kennysheep_generic_room_16
D:11:     minmay_octagon_keep, layout_loops_ring, david_lair_shrubbed,
          fountainhead, pond
D:12:     layout_irregular_city, minmay_orc_entry_guard_dogs, serial_undead,
          serial_undead_a, serial_undead_d, serial_undead_f, serial_undead_d,
          ashenzari_conservatory_becter, uniq_urug
D:13:     layout_loops_cross, muffindrake_ghost_dual_entry,
          grunt_gozag_breadcrumbs
Temple:   lightli_temple_of_artemis

Skill      XL: |  1  2  3  4  5  6  7  8  9 10 11 12 |
---------------+-------------------------------------+-----
Fighting       | 4 5 6 7 9 11 12 | 12.0
Unarmed Combat | 4 5 6 7 9 11 12 14 15 | 15.4
Invocations    | 3 6 8 |  8.0
Stealth        | 4 7 9 |  9.1
Dodging        | |  2.6

Action                   |  1- 3 |  4- 6 |  7- 9 | 10-12 || total
-------------------------+-------+-------+-------+-------++-------
Melee: Unarmed           |    62 |   166 |   316 |   397 ||   941
       Punch             |       |     9 |    19 |    45 ||    73
  Use: Scroll            |       |     6 |    10 |     7 ||    23
       Potion            |       |       |     6 |       ||     6
 Stab: Sleeping          |     5 |     5 |     3 |    11 ||    24
       Distracted        |       |       |       |     3 ||     3
       Fleeing           |       |       |       |     2 ||     2
Armor: Robe              |     7 |    28 |    17 |       ||    52
       Ring mail         |       |       |    60 |   179 ||   239
Dodge: Dodged            |    32 |   123 |   226 |   220 ||   601

Table legend: (Time is in decaauts)
 A = Elapsed time spent in this place.
 B = Non-inter-level travel time spent in this place.
 C = Inter-level travel time spent in this place.
 D = Time resting spent in this place.
 E = Time spent auto-exploring this place.
 F = Levels seen in this place.
 G = Mean time per level.
                   A        B        C        D        E       F      G
               +--------+--------+--------+--------+--------+-----+--------+
         Total |  11227 |  10754 |    473 |     63 |   8720 |  15 |  748.5 |
       Dungeon |  10830 |  10357 |    473 |     63 |   8464 |  13 |  833.1 |
        Temple |     16 |     16 |      0 |      0 |      0 |   1 |   16.0 |
         Sewer |    379 |    379 |      0 |      0 |    256 |   1 |  379.0 |
               +--------+--------+--------+--------+--------+-----+--------+

Top non-repeatable levels by time:
     D:6: 1525 daAuts
    D:11: 1308 daAuts
     D:7: 928 daAuts
     D:4: 888 daAuts
     D:9: 888 daAuts
     D:2: 880 daAuts
     D:5: 848 daAuts
    D:10: 827 daAuts
     D:8: 811 daAuts
    D:12: 742 daAuts
     D:1: 588 daAuts
     D:3: 529 daAuts
   Sewer: 379 daAuts
    D:13: 64 daAuts
  Temple: 16 daAuts
